AoeStats
← dorHOBBIT

Golden Pit

508960852Analyzed
1v1 RM · 8d ago on Sep 24, 2026· 45m 55s· 2 players
Game mode
Random Map
Map size
Tiny (2 player)
Population
200
Speed
Normal
Resources
Standard
Victory
Conquest
Starting age
Dark Age
Ending age
Imperial Age
RankedLock teamsTeams togetherTeam positionsShared explorationLock speedFull tech treeHidden civsTurbo modeCheats
Victory
Defeat
🇺🇸 Vietnamese · United States
540
+10
🇩🇪 Britons · Germany
393
-10
dorHOBBIT
12:30 Feudal Age
14:19 Town Watch
14:34 Double-Bit Axe
18:40 Horse Collar
19:48 Gold Mining
20:18 Fletching
20:30 Padded Archer Armor
21:40 Man-at-Arms
27:45 Castle Age
26:57 Forging
26:48 Scale Mail Armor
30:15 Pikeman
30:43 Crossbowman
30:46 Pikeman
31:27 Squires
31:13 Arson
31:26 Bodkin Arrow
31:51 Leather Archer Armor
34:47 Iron Casting
34:28 Chain Mail Armor
34:50 Bow Saw
37:37 Heavy Plow
39:02 Ballistics
40:16 Gold Shaft Mining
39:45 Town Patrol
40:10 Masonry
39:56 Murder Holes
40:12 Fortified Wall
41:45 Fervor
47:40 Imperial Age
CaptainOblivious
8:09 Loom
11:05 Feudal Age
11:36 Double-Bit Axe
11:36 Horse Collar
17:48 Wheelbarrow
21:32 Castle Age
23:01 Fletching
25:28 Hand Cart
26:01 Town Watch
29:20 Elite Skirmisher
30:42 Bow Saw
31:30 Gold Mining
32:50 Padded Archer Armor
32:46 Bodkin Arrow
34:41 Husbandry
34:53 Bloodlines
36:16 Stone Mining
37:14 Chatras
39:29 Masonry
43:09 Imperial Age
45:54 Elite Battle Elephant
Connection lost

Rejoining the realm…

Still unreachable

The connection could not be restored.

Session expired

The server has moved on; the page needs a fresh start.